 Dungeon Sprint DCSS version 0.29.1-12-g30fa7ad0bf (webtiles) character file.

Game seed: 5724273540331791934

127 Groucho the Sneak (level 5, -14/33 HPs)
             Began as an Octopode Transmuter on Dec 17, 2022.
             Was an Initiate of Uskayaw.
             Demolished by a two-headed ogre
             ... wielding a +0 giant club
              (30 damage)
             ... in the Dungeon (Sprint IX: "|||||||||||||||||||||||||||||").
             The game lasted 00:01:14 (982 turns).

Groucho the Sneak (Octopode Transmuter)              Turns: 982, Time: 00:01:14

Health: -14/33     AC:  2    Str: 12    XL:     5   Next: 11%
Magic:  7/11       EV: 22    Int: 20    God:    Uskayaw [......]
Gold:   0          SH:  0    Dex: 18    Spells: 2/12 levels left

rFire   . . .      SeeInvis .     - Unarmed
rCold   . . .      Faith    .   (shield currently unavailable)
rNeg    . . .      Spirit   .   (helmet currently unavailable)
rPois   x          Reflect  .   (no amulet)
rElec   .          Harm     .   k - +3 ring of strength
rCorr   .          Rampage  .   l - +3 ring of intelligence
Will    .....      NoTele   +   (no ring)
Stlth   +++.......              (no ring)
HPRegen 0.11/turn               (no ring)
MPRegen 0.12/turn               (no ring)
                                (no ring)
                                (no ring)

@: spider-form
A: venomous fangs, almost no armour, (amphibious), 8 rings, tiny, (camouflage
1), (gelatinous body 1), (nimble swimmer 1), (tentacles)
a: End Transformation, Renounce Religion


You were in the Dungeon.
You worshipped Uskayaw.
Uskayaw was noncommittal.
You were a venomous arachnid creature.
You visited 1 branch

Inventory:

Jewellery
 k - a +3 ring of strength (left front leg)
 l - a +3 ring of intelligence (right front leg)
Wands
 j - a wand of quicksilver (10)
Scrolls
 g - 2 scrolls of blinking
 i - 2 scrolls of amnesia
Potions
 a - a potion of lignification
 b - 5 potions of curing
 c - 3 potions of heal wounds
 d - a potion of haste
 e - 4 potions of magic
 f - a potion of berserk rage
 h - a potion of invisibility


   Skills:
 - Level 1.0 Fighting
 + Level 4.6 Dodging
 + Level 5.9 Stealth
 + Level 5.2 Unarmed Combat
 + Level 4.3 Spellcasting
 + Level 4.7 Transmutations


You had 2 spell levels left.
You knew the following spells:

 Your Spells              Type           Power      Damage    Failure   Level
a - Beastly Appendage     Tmut           46%        N/A       8%          1
b - Spider Form           Tmut/Pois      13%        N/A       32%         3
c - Wereblood             Tmut           23%        N/A       10%         2
d - Ice Form              Ice/Tmut       13%        N/A       65%         4

Your spell library contained the following spells:

 Spells                   Type           Power      Damage    Failure   Level


Dungeon Overview and Level Annotations

Branches:
Dungeon (1/1)

Altars:
Cheibriados
Dithmenos
Elyvilon
Fedhas
Gozag
Hepliaklqana
Kikubaaqudgha
Makhleb
Nemelex Xobeh
Okawaru
Qazlal
Ru
Sif Muna
Trog
Uskayaw
Vehumet
Wu Jian
Xom
Yredelemnul
Zin
The Shining One
Jiyva
Lugonu


Innate Abilities, Weirdness & Mutations

You are a venomous arachnid creature.
You have poisonous fangs.
You are tiny and dextrous.
Your spellcasting is less reliable in this form.
Your armour is entirely melded.
You are incapable of wielding weapons or throwing items.
You cannot wear most types of armour.
((You are amphibious.))
You can wear up to eight rings at the same time.
((Your skin changes colour to match your surroundings (Stealth+).))
((Your rubbery body absorbs attacks. (AC +1, EV +1)))
((You are camouflaged when in or above water. (Stealth+)))
((You have tentacles for arms and can constrict up to eight enemies at once.))


Message History

l - a +3 ring of intelligence You feel stronger.
k - a +3 ring of strength (left tentacle)
You feel clever.
l - a +3 ring of intelligence (right tentacle) This spell is quite dangerous to cast!
Memorise Spider Form, consuming 3 spell levels and leaving 8?
You start memorising the spell.
You continue memorising. x3
You finish memorising.
Spell assigned to 'b'.
Memorise Wereblood, consuming 2 spell levels and leaving 6?
You start memorising the spell.
You continue memorising. x2
You finish memorising.
Spell assigned to 'c'.
This spell is extremely dangerous to cast!
Memorise Ice Form, consuming 4 spell levels and leaving 2?
You start memorising the spell.
You continue memorising. x4
You finish memorising.
Spell assigned to 'd'.
Casting: Beastly Appendage (safe; 1% risk of failure)
Confirm with . or Enter, or press ? or * to list all spells.
One of your tentacles grows a vicious spike.
You open the door.
A vampire mosquito, an orc warrior, an orc wizard and 3 two-headed ogres come into view.
The two-headed ogre shouts in stereo!
The orc warrior shouts!
The two-headed ogre shouts in stereo!
The vampire mosquito buzzes angrily.
The orc wizard shouts!
You tentacle-slap the two-headed ogre but do no damage.
You pierce the two-headed ogre.
Your tentacle-slap misses the two-headed ogre.
The two-headed ogre is lightly wounded.
The two-headed ogre hits you with a +0 giant club!
Ouch! That really hurt!
The two-headed ogre hits you but does no damage.
Casting: Beastly Appendage (safe; 1% risk of failure)
Confirm with . or Enter, or press ? or * to list all spells.
The spell is quite dangerous to miscast (14% risk of failure)!
Continue anyway?
Your tentacle spike disappears.
You turn into a venomous arachnid creature.
The two-headed ogre barely misses you.
The two-headed ogre hits you with a +0 giant club!!
Ouch! That really hurt!
You die...

▓.▓
▓.▓
▓)▓
▓.▓
▓[▓
▓[▓
▓[▓
▓.▓
▓s▓
▓O▓
▓O▓
▓y▓
▓o▓
▓O▓
▓o▓
▓.▓


You could see 3 two-headed ogres, an orc warrior, a vampire mosquito and an orc
wizard.

Vanquished Creatures
  A scorpion (D)
  A hound (D)
  An iguana (D)
  An adder (D)
  2 endoplasms (D)
  A goblin (D)
  A hobgoblin (D)
  A quokka (D)
  A frilled lizard (D)
10 creatures vanquished.

Notes
Turn   | Place    | Note
-------+----------+-------------------------------------------
     0 | D        | Groucho the Octopode Transmuter began the quest for the
                  | Orb.
     0 | D        | Reached XP level 1. HP: 13/13 MP: 3/3
     5 | D        | Reached skill level 1 in Stealth
   353 | D        | Noticed a hound
   353 | D        | Noticed an iguana
   353 | D        | Noticed a scorpion
   357 | D        | Reached XP level 2. HP: 14/18 MP: 2/5
   362 | D        | Reached XP level 3. HP: 12/23 MP: 2/7
   367 | D        | Reached XP level 4. HP: 15/28 MP: 3/9
   371 | D        | Killed a scorpion
   372 | D        | Reached skill level 5 in Stealth
   372 | D        | Reached skill level 5 in Unarmed Combat
   372 | D        | Reached XP level 5. HP: 6/33 MP: 3/11
   920 | D        | Found a snail-covered altar of Cheibriados.
   920 | D        | Found a shadowy altar of Dithmenos.
   920 | D        | Found a white marble altar of Elyvilon.
   920 | D        | Found a blossoming altar of Fedhas.
   920 | D        | Found an opulent altar of Gozag.
   921 | D        | Found a hazy altar of Hepliaklqana.
   922 | D        | Found a viscous altar of Jiyva.
   923 | D        | Found an ancient bone altar of Kikubaaqudgha.
   924 | D        | Found a corrupted altar of Lugonu.
   925 | D        | Found a burning altar of Makhleb.
   926 | D        | Found a sparkling altar of Nemelex Xobeh.
   927 | D        | Found an iron altar of Okawaru.
   928 | D        | Found a stormy altar of Qazlal.
   929 | D        | Found a sacrificial altar of Ru.
   930 | D        | Found a shimmering blue altar of Sif Muna.
   931 | D        | Found a bloodstained altar of Trog.
   932 | D        | Found a hide-covered altar of Uskayaw.
   933 | D        | Found a radiant altar of Vehumet.
   934 | D        | Found an ornate altar of the Wu Jian Council.
   935 | D        | Found a shimmering altar of Xom.
   936 | D        | Found a basalt altar of Yredelemnul.
   937 | D        | Found a glowing silver altar of Zin.
   938 | D        | Found a glowing golden altar of the Shining One.
   940 | D        | Became a worshipper of Uskayaw the Reveller
   970 | D        | Learned a level 3 spell: Spider Form
   973 | D        | Learned a level 2 spell: Wereblood
   978 | D        | Learned a level 4 spell: Ice Form
   980 | D        | Noticed a two-headed ogre
   980 | D        | Noticed a two-headed ogre
   980 | D        | Noticed a vampire mosquito
   980 | D        | Noticed an orc warrior
   980 | D        | Noticed a two-headed ogre
   982 | D        | Demolished by a two-headed ogre

Illustrated notes

Levels and vault maps discovered:
D:        linesprint [early_d, line_temple, items_1, d_10, items_2, lair_1,
          lair_end, items_3, orc_1, orc_end, items_4, d_15, swamp_1, shoals_1,
          snake_1, spider_1, d_20, vaults_1, items_5, swamp_end, shoals_end,
          snake_end, spider_end, vaults_end, d_27, items_6, zot_1, zot_end,
          crypt_end, forest_end, elf_end, slime_end, tomb_end, abyss_end,
          pan_hell_end]

Skill      XL: |  1  2  3  4 |
---------------+-------------+-----
Stealth        | 2 4 5 |  5.9
Dodging        | 3 4 |  4.6
Unarmed Combat | 4 5 |  5.2
Spellcasting   | 3 4 |  4.3
Transmutations | 3 4 |  4.7
Fighting       | |  1.0

Action                   |  1- 3 |  4- 6 || total
-------------------------+-------+-------++-------
Melee: Unarmed           |    20 |     6 ||    26
       Tentacles         |     6 |     3 ||     9
       Constrict         |     5 |     1 ||     6
       Kick              |     4 |     4 ||     8
 Cast: Beastly Appendage |     2 |     1 ||     3
       Spider Form       |       |     1 ||     1
Armor: Skin              |     3 |     1 ||     4
Dodge: Dodged            |     6 |     3 ||     9
